 Dungeon Crawl Stone Soup version 0.20.1-1-g8b1a95d (webtiles) character file.

193 Jazqa the Sneak (level 5, -2/28 HPs)
             Began as a Spriggan Monk on Oct 28, 2017.
             Slain by a killer bee (4 damage)
             ... on level 4 of the Dungeon.
             The game lasted 00:08:14 (4244 turns).

Jazqa the Sneak (Spriggan Monk)                     Turns: 4244, Time: 00:08:16

Health: -2/28      AC:  2    Str:  5 (7)  XL:     5   Next: 43%
Magic:  6/6        EV: 20    Int:  9 (12) God:
Gold:   122        SH:  3    Dex: 17 (19) Spells: 4/4 levels left

rFire    . . .     SeeInvis +   a - +0 short sword
rCold    . . .     Gourm    .   (shield restricted)
rNeg     . . .     Faith    .   b - +0 robe
rPois    .         Spirit   .   (helmet restricted)
rElec    .         Reflect  +   m - scarf {cloud immunity}
rCorr    .         Harm     .   (gloves unavailable)
MR       .....                  (boots unavailable)
Stlth    +++.......             g - +3 amulet of reflection
Regen    0.1/turn               (no ring)
MPRegen  0.1/turn               (no ring)

@: lethally poisoned (-2 -> -8), very quick
A: unfitting armour, see invisible, herbivore 3, speed 3, slow metabolism 2
a: no special abilities


You were on level 4 of the Dungeon.
You were very hungry.

You visited 1 branch of the dungeon, and saw 4 of its levels.

You collected 122 gold pieces.


Innate Abilities, Weirdness & Mutations

You are very small and have problems with some larger weapons.
You are too small for most types of armour.
You have supernaturally acute eyesight. (SInv)
You are a herbivore.
You cover ground extremely quickly.
You need consume almost no food.


   Skills:
 + Level 3.4 Fighting
 + Level 4.6 Short Blades
 - Level 4.4 Dodging
 + Level 5.9 Stealth


You had 4 spell levels left.
You didn't know any spells.

Inventory:

Hand Weapons
 a - a +0 short sword (weapon)
Missiles
 f - 52 poisoned needles
Armour
 b - a +0 robe (worn)
 m - a scarf of cloud immunity (worn)
Jewellery
 g - a +3 amulet of reflection (around neck)
Scrolls
 d - a scroll of teleportation {@r4}
 e - 2 scrolls of fear
 i - a scroll of enchant armour {unknown}
 j - a scroll of random uselessness {unknown}
 l - 3 scrolls of identify {@r1}
 n - a scroll of blinking {unknown}
 r - a scroll of recharging {unknown}
Books
 q - a book of Minor Magic

   Spells                             Type                      Level
   a - Magic Dart                     Conjuration                  1
   b - Blink                          Translocation                2
   c - Call Imp                       Summoning                    2
   d - Slow                           Hexes                        2
   e - Conjure Flame                  Conjuration/Fire             3
   f - Mephitic Cloud                 Conjuration/Poison/Air       3
Comestibles
 c - 4 bread rations {@e1}
 h - a fruit {@e2}
 o - a royal jelly {@e3}

Dungeon Overview and Level Annotations

Branches:
Dungeon (4/15)
 Temple: D:4-7

Altars:

Annotations:
D:3 Ijyb, Robin

#..........#
#.......#.#
#..........#
##......#.#
#..........#
#.###'##y#
#..........#
#.. #.##y#
#..........#
##.##.##.#
#..........#
.##.##.#
#..........#
#....#
#......y...#
###..##
########@###
#..<. #.#
##..y
######.#
##...
#....#.#
#....
#.##.#.####
#..##
#.<#.#....#
#...#
#.......#.#
##..#
##...%..# #
#..#
....#..####
#


You could see a killer bee.


Message History

You feel sick. The killer bee barely misses you.
You feel sick. The killer bee stings you.
* * * LOW HITPOINT WARNING * * *
You are lethally poisoned!
The killer bee poisons you!
* * * LOW HITPOINT WARNING * * *
You feel sick.
There is an open door here.
* * * LOW HITPOINT WARNING * * *
You feel sick.
* * * LOW HITPOINT WARNING * * *
You feel sick. The killer bee completely misses you.
* * * LOW HITPOINT WARNING * * *
You feel sick.
* * * LOW HITPOINT WARNING * * *
You feel sick. The killer bee completely misses you. The killer bee misses you.
* * * LOW HITPOINT WARNING * * *
You feel sick.
* * * LOW HITPOINT WARNING * * *
You feel sick.
It was a potion of degeneration.
There was something very wrong with that liquid.
You feel weakened.
You feel dopey.
You feel clumsy. The killer bee stings you.
* * * LOW HITPOINT WARNING * * *
The killer bee stings you.
You die...

Skill      XL: |  1  2  3  4 |
---------------+-------------+-----
Stealth        | 4 5 |  5.9
Fighting       | 3 |  3.4
Short Blades   | 4 |  4.6
Dodging        | |  4.4

Action                   |  1- 3 |  4- 6 || total
-------------------------+-------+-------++-------
Melee: Short sword       |   215 |   149 ||   364
  Use: Potion            |     1 |     4 ||     5
       Scroll            |     2 |     1 ||     3
 Stab: Sleeping          |     9 |     2 ||    11
       Distracted        |     1 |       ||     1
Armor: Robe              |     8 |     3 ||    11
       Skin              |       |    22 ||    22
Dodge: Dodged            |   178 |   133 ||   311
Block: Other             |    26 |    18 ||    44
       Reflection        |       |     1 ||     1

Vault maps used:
D:1:      minmay_arrival_four_houses, grunt_decor_clamped
D:2:      minmay_tromino_v7
D:3:      uniq_robin, uniq_ijyb
D:4:      nicolae_ossuary_entry_catacombs

Notes
Turn   | Place    | Note
-------+----------+-------------------------------------------
     0 | D:1      | Jazqa the Spriggan Monk began the quest for the Orb.
     0 | D:1      | Reached XP level 1. HP: 11/11 MP: 2/2
   610 | D:2      | Reached XP level 2. HP: 16/16 MP: 3/3
   648 | D:2      | Reached skill level 4 in Stealth
  1172 | D:1      | Reached XP level 3. HP: 10/19 MP: 4/4
  2199 | D:2      | Reached skill level 3 in Fighting
  2199 | D:2      | Reached skill level 4 in Short Blades
  2449 | D:3      | Noticed Ijyb
  2480 | D:3      | Reached XP level 4. HP: 24/24 MP: 5/5
  2701 | D:3      | Noticed Robin
  2925 | D:2      | Reached skill level 5 in Stealth
  3717 | D:3      | Reached XP level 5. HP: 19/28 MP: 6/6
  4244 | D:4      | HP: 2/28 [killer bee (4)]
  4244 | D:4      | Slain by a killer bee

Vanquished Creatures
  A killer bee (D:3)
  A howler monkey (D:4)
  4 adders
  A worm (D:2)
  2 dart slugs (D:1)
  2 leopard geckos
  An orc (D:4)
  5 giant cockroaches
  6 goblins
  9 hobgoblins
  13 jackals
  8 kobolds
  2 bats
  4 frilled lizards (D:2)
  4 rats
63 creatures vanquished.

Vanquished Creatures (others)
  A kobold (D:3)
1 creature vanquished.

Grand Total: 64 creatures vanquished
